Map: Crête de Lerilak

Players

Virium

  • Race: Terran Terran
  • League: Grandmaster

PixeL - Winner!

  • Race: Zerg Zerg
  • League: Master

VOD

Have the link to the VOD?

Description

Time

  • Played on: Feb. 11, 2016, 4:41 p.m.
  • Length: 4:57
Show
View Real Time Build Order
Export as new Build Order

Virium Terran 

Build Orders: Command Center First (CC), Hellion Banshee 

Get SALT Encoding   

  12  0:00  SCV  
  13  0:13  SCV  
  14  0:16  Supply Depot  
  14  0:25  SCV  
  15  0:38  SCV  
  16  0:50  SCV  
  17  1:00  Command Center  
  17  1:04  SCV  
  18  1:13  Barracks  
  18  1:17  SCV  
  19  1:22  Refinery  
  19  1:27  Refinery  
  19  1:30  SCV  
  20  1:42  SCV  
  21  1:54  SCV  
  22  2:00  Marine  
  23  2:08  Orbital Command  
  23  2:12  Orbital Command  
  23  2:16  Factory  
  23  2:20  Barracks Reactor  
  23  2:30  Supply Depot  
  23  2:34  SCV  
  24  2:38  SCV  
  25  2:46  SCV  
  27  2:51  SCV  
  27  2:59  SCV  
  27  3:02  Starport  
  28  3:06  Hellion x2  
  28  3:08  SCV, Barracks Tech Lab  
  28  3:11  SCV  
  34  3:17  Supply Depot  
  34  3:22  SCV  
  34  3:23  SCV  
  36  3:27  Hellion x2  
  39  3:34  SCV  
  39  3:35  SCV  
  39  3:37  Supply Depot  
  41  3:49  Hellion x2, Banshee  
  41  3:54  SCV  
  41  3:55  SCV  
  50  3:59  Supply Depot  
  50  4:06  SCV  
  50  4:07  SCV  
  52  4:11  Hellion x2  
  56  4:18  SCV  
  56  4:19  SCV, Supply Depot  
Show
View Real Time Build Order
Export as new Build Order

PixeL Zerg - Winner!

Build Orders: Hatch First, Roach Nydus 

Get SALT Encoding   

  12  0:01  Drone  
  13  0:12  Overlord  
  13  0:18  Drone  
  14  0:31  Drone x2  
  16  0:36  Drone  
  17  0:55  Hatchery  
  16  0:58  Drone  
  16  1:03  Drone  
  18  1:13  Extractor  
  18  1:18  Spawning Pool  
  16  1:20  Drone  
  16  1:24  Drone  
  18  1:29  Drone  
  19  1:39  Overlord  
  19  1:58  Drone  
  20  2:09  Queen  
  20  2:10  Queen  
  20  2:13  Drone x3  
  27  2:31  Drone x3  
  30  2:40  Drone x2  
  32  2:45  Extractor, Queen  
  32  2:48  Lair  
  33  2:52  Overlord  
  33  2:54  Drone  
  33  2:56  Drone  
  35  3:02  Drone  
  36  3:11  Drone  
  37  3:21  Drone x2  
  37  3:23  Queen  
  37  3:26  Roach Warren  
  40  3:36  Overlord  
  40  3:38  Overlord  
  40  3:40  Overlord  
  40  3:47  Nydus Network  
  39  3:57  Overseer  
  39  4:07  Roach x6  
  51  4:19  Roach x2  
  51  4:23  Nydus Canal  
  55  4:31  Roach  
  61  4:33  Roach  
Tags
 
Add a new tag
Caveats
  • Supply blocks, unpowered buildings, or Contaminate may cause inaccurate times.
  • Supply counts are checked every 10 seconds.